[Event "German Masters 2022"]
[Site "Magdeburg"]
[Date "2022.08.17"]
[Round "2.5"]
[White "Koelle, Tobias"]
[Black "Engel, Luis"]
[Result "1-0"]
[ECO "D30"]
[WhiteElo "2436"]
[BlackElo "2558"]
[Annotator "TA"]
[PlyCount "85"]
[EventDate "2022.08.16"]
[EventType "tourn"]
[EventCountry "GER"]
[SourceTitle "playchess.com"]
[Source "ChessBase"]
[SourceQuality "1"]
[TimeControl "40/5400+30:1800+30"]

1. d4 d5 2. c4 e6 3. Nf3 c6 4. Bg5 Qa5+ 5. Bd2 Qc7 6. e3 {[%emt 0:07:50] D30: Queen's Gambit Declined: Systems without Nc3.} Nf6 7. Nc3 Nbd7 8. Bd3 {[%emt 0:03:44] White has an edge.} Bd6 9. c5 ({White should try} 9. O-O $14) 9... Be7 $11 10. b4 b6 {[%emt 0:07:08] [#]} 11. O-O $146 ({Predecessor:} 11. Qc2 h6 12. O-O O-O 13. Rac1 e5 14. dxe5 Nxe5 15. Nxe5 Qxe5 16. Na4 b5 17. Bc3 Qc7 18. Nb2 {1-0 (27) Breiter,J (1365)-Krannig,S (1070) Bad Zwesten 2003}) 11... O-O 12. Qc2 bxc5 13. bxc5 e5 14. dxe5 Nxe5 15. Nxe5 Qxe5 16. Ne2 Ne4 17. Bb4 a5 18. Ba3 Ba6 19. Bxa6 Rxa6 20. Rab1 h5 (20... Qc7 $14) 21. Rb7 $16 {[%emt 0:01:29] Black must now prevent f3.} Bd8 22. Nd4 {[%emt 0:06:29] aiming for Qd3.} Bc7 $2 (22... Qe8 $16) 23. Nf3 $2 (23. f4 $18 Qe7 24. Qe2) 23... Qe7 24. Rfb1 Rc8 {[%emt 0:02:56] [#]} 25. Nd4 $1 Qe5 26. g3 $36 {[%emt 0:01:39][%mdl 2048] White is in control.} h4 {[%emt 0:10:40][%cal Rh4g3] [#]} 27. Nf3 (27. f3 $142 $1 Nf6 28. Qd3) 27... Qc3 28. Qxc3 Nxc3 29. R1b3 Nxa2 30. Nxh4 Raa8 (30... g6 $16) 31. Nf5 $18 {[%emt 0:00:37] Ne7+ is the strong threat.} Kf8 {[%emt 0:00:41] Inhibits Ne7.} 32. Nd6 Rcb8 {[%emt 0:00:05] [#]} 33. Nxf7 $1 {[%emt 0:00:46][%mdl 512] White is more active.} Nc3 34. Ng5 {[%emt 0:01:09] Strongly threatening Ne6+.} Rxb7 35. Rxb7 Be5 36. Bb2 ({White should play} 36. f4 $16 Bf6 37. Nh7+ Kg8 38. Nxf6+ gxf6 39. Rb6) 36... a4 $11 37. Kf1 a3 38. Ba1 {[%emt 0:00:09] And now f4 would win.} Ra5 $2 (38... Kg8 $1 $15) 39. f4 $18 Rb5 40. Rxb5 ({Weaker is} 40. fxe5 Rxb7 41. Bxc3 Rb3 $17) 40... cxb5 41. fxe5 b4 42. Bxc3 d4 43. Ne6+ {[%emt 0:00:00] Weighted Error Value: White=0.24 (precise) /Black=0.65} 1-0

[Event "German Masters 2022"]
[Site "Magdeburg"]
[Date "2022.08.18"]
[Round "3.1"]
[White "Engel, Luis"]
[Black "Keymer, Vincent"]
[Result "0-1"]
[ECO "B90"]
[WhiteElo "2558"]
[BlackElo "2686"]
[Annotator "TA"]
[PlyCount "108"]
[EventDate "2022.08.16"]
[EventType "tourn"]
[EventCountry "GER"]
[SourceTitle "playchess.com"]
[Source "ChessBase"]
[SourceQuality "1"]
[TimeControl "40/5400+30:1800+30"]

1. e4 c5 2. Nf3 d6 3. d4 cxd4 4. Nxd4 Nf6 5. Nc3 a6 6. h3 e5 7. Nde2 h5 {[%emt 0:01:19] B90: Sicilian Najdorf: Unusual White 6th moves, 6 Be3 Ng4 and 6 Be3 e5.} 8. g3 Be7 9. Bg2 b5 {[%emt 0:01:59] White has an edge.} 10. Nd5 Nxd5 11. Qxd5 Ra7 12. Qd3 {[%emt 0:08:18] [#]} (12. Be3 $5 Rb7 13. O-O-O $14) 12... Nd7 $146 ({Predecessor:} 12... Rc7 13. Bd2 Nc6 14. a4 Be6 15. b3 O-O 16. axb5 axb5 17. Qxb5 Qb8 18. Qxb8 Rxb8 19. Ra2 h4 20. O-O hxg3 21. fxg3 Rbc8 22. Rc1 Nd4 23. Nxd4 exd4 24. Kf2 {½-½ (24) Koch,C (2344)-Sorcinelli,A (2294) LSS email 2020}) 13. Nc3 Nf6 14. Be3 Rb7 15. O-O O-O 16. Rfd1 b4 17. Ne2 Be6 18. Qxa6 Qc8 {[%emt 0:03:31] ...Bc4 is the strong threat.} 19. b3 {[%emt 0:04:27] Against Bc4} Bd7 {[%emt 0:01:59] And now ...Bb5 would win.} 20. c4 {[%emt 0:04:44] Prevents Bb5.} Bc6 ({Much less strong is} 20... bxc3 21. Nxc3 $1 Qb8 22. Rac1 $16) 21. a3 bxa3 22. Rxa3 ({Much worse is} 22. Qxa3 Bxe4 23. Qa2 Bxg2 24. Kxg2 Qc6+ 25. Kh2 Rfb8 $15) 22... Nxe4 23. Rd3 Rc7 24. Qxc8 Rfxc8 25. Ra6 {[%emt 0:03:28][%cal Oa6c6] Black must now prevent Rxc6!} f5 26. g4 g6 27. f4 Kf7 28. Rb6 hxg4 29. hxg4 Ra7 {[%emt 0:01:09] Strongly threatening ...Ra1+.} 30. Nc3 {[%emt 0:01:28] [#]} (30. Rd1 $1 $11 {keeps the balance.} Ra2 31. Nc1) 30... exf4 $1 $17 31. Bxf4 Ra1+ (31... Nxc3 $17 32. Rxc3 Bf6 33. Rxc6 Rxc6 34. Bd5+ Kg7) 32. Rd1 $11 Bd8 $36 {[%emt 0:01:03][%mdl 2048] Black has the initiative.} (32... Rxd1+ {keeps more tension.} 33. Nxd1 d5 34. b4 dxc4 35. Ne3 Bh4) 33. Rxc6 {[%emt 0:01:56] White does not recover from this.} (33. Rb7+ $1 $11 Bxb7 34. Rxa1) 33... Rxd1+ $19 34. Nxd1 Rxc6 35. gxf5 gxf5 {[%emt 0:00:03] aiming for ...Ra6.} 36. Ne3 $2 (36. Kh2) 36... Bb6 37. Kf1 Bxe3 38. Bxe3 {[%emt 0:00:04][%mdl 4096] Endgame KRN-KB} Ra6 39. Ke2 Ra2+ 40. Kf3 Kf6 41. b4 Nd2+ 42. Kf4 Nxc4 43. Bd5 Ra4 44. Bf2 (44. Bd4+ Ne5 45. Ke3 Rxb4 46. Bc3 f4+ 47. Ke2) 44... Ne5 {[%emt 0:00:00] Threatens to win with ...Nd3+.} 45. Bh4+ Kg6 46. Be7 Rxb4+ 47. Ke3 f4+ {[%emt 0:00:00] Black mates.} 48. Kf2 Kf5 49. Bxd6 Rd4 50. Bxe5 Rxd5 51. Bc7 Ke4 52. Ke2 Rc5 53. Bb6 Rc2+ 54. Ke1 Kf3 {[%emt 0:00:00] Weighted Error Value: White=0.95/Black=0.14 (very precise)} 0-1

[Event "German Masters 2022"]
[Site "Magdeburg"]
[Date "2022.08.18"]
[Round "3.2"]
[White "Fridman, Daniel"]
[Black "Koelle, Tobias"]
[Result "1-0"]
[ECO "A06"]
[WhiteElo "2599"]
[BlackElo "2436"]
[Annotator "TA"]
[PlyCount "101"]
[EventDate "2022.08.16"]
[EventType "tourn"]
[EventCountry "GER"]
[SourceTitle "playchess.com"]
[Source "ChessBase"]
[SourceQuality "1"]
[TimeControl "40/5400+30:1800+30"]

1. Nf3 d5 2. g3 Bg4 3. Bg2 e6 4. h3 Bh5 5. O-O Nf6 6. c4 {[%emt 0:00:08] A07: Réti Opening: New York and Capablanca Systems.} c6 7. Qb3 Qb6 8. d3 {[%emt 0:00:51] The position is equal.} Be7 9. Be3 Qxb3 10. axb3 Bxf3 11. Bxf3 Na6 12. Nc3 O-O {[%emt 0:00:55] [#]} 13. d4 $146 ({Predecessor:} 13. cxd5 exd5 14. d4 Nc7 15. Bd2 Ne6 16. e3 Ng5 17. Bg2 h5 18. f3 Ne6 19. Ne2 {1-0 (60) Bacrot,E (2647)-Bosiocic,M (2545) Terme Catez 2021}) 13... Rfd8 14. Rfd1 Ne8 15. g4 g6 16. Bf4 Bf6 17. e3 Rd7 18. Be2 Nac7 19. Na4 {[%emt 0:00:42] Threatens to win with Nc5.} Re7 (19... Be7 $16) 20. Nc5 $36 {[%emt 0:01:16][%mdl 2048] Black is under strong pressure.} b6 21. Nd3 a5 22. Ra2 Na6 23. cxd5 cxd5 (23... exd5 $16 24. b4 Nac7) 24. b4 Rea7 25. bxa5 Nac7 26. b4 bxa5 27. Rda1 {[%emt 0:00:15] Strongly threatening Nc5.} g5 (27... Nb5 $16) 28. Bh2 {[%emt 0:01:02] Nc5 is the strong threat.} Nb5 29. Rxa5 Bd8 30. Rxa7 Rxa7 31. Rxa7 Nxa7 32. Nc5 Kf8 33. f4 h6 34. fxg5 ({White should try} 34. Bg3 $18) 34... hxg5 $16 35. Bg3 {[%emt 0:00:06] 0x0.0019ee73f008dp-1022s more active pieces. The black rooks are badly placed.} Bc7 36. Be1 Ke7 37. h4 gxh4 38. Bxh4+ Kd6 (38... Kf8 {is a better defense.} 39. Nd7+ Kg7) 39. Bd1 {[%emt 0:01:34] [#] And now Ba4 would win.} Nb5 40. Ba4 Kc6 41. Nd3 Kb6 42. Ne5 Ned6 43. Be7 Nc3 44. Bc2 {[%emt 0:03:24] A strong pair of Bishops.} (44. Bb3 $142) 44... Na2 $2 {[%emt 0:02:02][%mdl 8192] Loses the game.} (44... Nc4 $16 {is a better chance.}) 45. g5 $18 {[%emt 0:09:32][%cal Oe5f7,Bg4g5,Bg5g6][%mdl 32] aiming for Nxf7!} Nxb4 46. Nxf7 Nxc2 (46... Nxf7 $142 47. g6 (47. Bxb4 Nxg5 48. Kf2 e5 $11) 47... Nh6 48. Bxb4 Bd8) 47. Bxd6 {[%emt 0:00:07] White wants to mate with g6.} Nxe3 48. Bxc7+ {[%emt 0:00:09] White mates.} Kxc7 {[%emt 0:00:09] [#] KN-KN} 49. Nh6 $1 e5 50. g6 exd4 51. Kf2 {[%emt 0:00:12] Weighted Error Value: White=0.10 (very precise) /Black=0.38} 1-0

[Event "German Masters 2022"]
[Site "Magdeburg"]
[Date "2022.08.18"]
[Round "3.3"]
[White "Kollars, Dmitrij"]
[Black "Rosner, Jonas"]
[Result "1-0"]
[ECO "D17"]
[WhiteElo "2648"]
[BlackElo "2478"]
[Annotator "TA"]
[PlyCount "85"]
[EventDate "2022.08.16"]
[EventType "tourn"]
[EventCountry "GER"]
[SourceTitle "playchess.com"]
[Source "ChessBase"]
[SourceQuality "1"]
[TimeControl "40/5400+30:1800+30"]

1. d4 d5 2. c4 c6 3. Nf3 Nf6 4. Nc3 dxc4 5. a4 Bf5 6. Ne5 Nbd7 7. Nxc4 Nb6 8. Ne3 {[%emt 0:00:05] D17: Slav Defence: 5 a4 Bf5: Lines with 6 Nh4 and 6 Ne5.} e6 {[%emt 0:06:19] now supersedes 8...Bg6.} 9. Nxf5 exf5 10. g3 {[%emt 0:01:06] The position is equal.} a5 11. Bh3 g6 12. O-O Bg7 {[%emt 0:02:39] [#]} 13. Bg2 $146 ({Predecessor:} 13. Bg5 h6 14. Bxf6 Qxf6 15. e3 Qe7 16. Qb3 Qb4 17. Qc2 O-O 18. Bg2 Rfd8 19. Rfd1 {½-½ (46) Fridman,D (2633)-Bluebaum,M (2521) Baden-Baden 2014}) 13... O-O 14. Bg5 Qd6 15. Bxf6 Bxf6 16. e3 Rfe8 17. Qb3 Qb4 18. Qc2 Rad8 19. Ra3 {[%emt 0:05:50] [#] Rb3 is the strong threat.} Nc4 20. Rb3 Qe7 21. Ne2 Nd6 22. Nf4 Rd7 23. Nd3 Qd8 24. Rc1 h5 25. Rd1 (25. Nc5 $5 Rde7 26. Rd3 $11) 25... Kg7 26. Nc5 Rc7 (26... Rde7 $11) 27. Rb6 $16 {[%emt 0:04:54] White is more active.} Qa8 28. d5 Qa7 29. Rb3 {[%emt 0:02:45] aiming for dxc6.} ({But not} 29. Qb3 Nc4 30. d6 (30. Rxb7 Rxb7 31. Nxb7 Nxe3 $17) 30... Qxb6 $11) 29... Rd8 30. Rbd3 Be7 31. dxc6 bxc6 32. Nb3 Qb6 (32... Nb7 $14) 33. Qc3+ $18 Bf6 34. Qxa5 Qxa5 35. Nxa5 Nb7 (35... Ra8 $142) 36. Rxd8 ({Resist} 36. Nxc6 $6 Rxd3 37. Rxd3 Nc5 $16) 36... Nxd8 37. b3 c5 (37... h4 $142 38. Kf1 hxg3) 38. Nc4 Nc6 $2 (38... Be7 39. a5 Ra7) 39. Nd6 {[%emt 0:01:22] White is clearly winning.} Kf8 40. Nb5 Rc8 41. Rd6 $1 Nd8 42. Rxf6 Ne6 {[%emt 0:00:02] [#]} 43. Rxf7+ $3 {[%emt 0:00:06] Weighted Error Value: White=0.05 (flawless) /Black=0.33} 1-0

[Event "German Masters 2022"]
[Site "Magdeburg"]
[Date "2022.08.18"]
[Round "3.4"]
[White "Svane, Frederik"]
[Black "Svane, Rasmus"]
[Result "1-0"]
[ECO "C50"]
[WhiteElo "2521"]
[BlackElo "2649"]
[Annotator "TA"]
[PlyCount "141"]
[EventDate "2022.08.16"]
[EventType "tourn"]
[EventCountry "GER"]
[SourceTitle "playchess.com"]
[Source "ChessBase"]
[SourceQuality "1"]
[TimeControl "40/5400+30:1800+30"]

1. e4 e5 2. Nf3 Nc6 3. Bc4 Bc5 4. Nc3 Nf6 5. d3 h6 6. O-O O-O 7. h3 a6 {[%emt 0:07:59] C50: Hungarian Defence and Giuoco Pianissimo.} 8. Be3 d6 9. Bxc5 {[%emt 0:00:22] 9.a4 injects fresh life into this line.} dxc5 {[%emt 0:00:05] The position is equal.} 10. a4 Qd6 11. Nd2 {[%emt 0:00:07][%cal Bf3d2,Bd2c4,Bc4e3][%mdl 32] [#]} Be6 $146 ({Predecessor:} 11... Nd4 12. Ne2 Re8 13. Ng3 Bd7 14. c3 Nc6 15. a5 Ne7 16. Qf3 Be6 17. Bxe6 Qxe6 {½-½ (32) Demchenko,A (2654)-Sunilduth Lyna,N (2658) Warsaw 2021}) 12. Bxe6 Qxe6 13. Nc4 b6 14. Ne3 Nd4 15. Ne2 Rad8 16. f4 exf4 17. Nxf4 Qe5 18. Qe1 Ne6 19. Ne2 (19. Qg3 {with more complications.} Kh7 20. Nc4 Qd4+ 21. Qe3) 19... Nd4 {[%emt 0:03:26] Against Rf5} (19... c4 $5 20. Nxc4 Qc5+ 21. Kh1 Nxe4 $11) 20. Nf4 Ne6 21. Ne2 {[%emt 0:00:06] And now Rf5 would win.} Nd4 {[%emt 0:00:03] Inhibits Rf5.} 22. b3 Nxc2 23. Nxc2 Rxd3 24. Rd1 (24. Nc1 $5 Rd7 25. Ra2 $11) 24... Qxe4 25. Nc1 Qxe1 26. Rfxe1 Rc3 27. Na1 Rg3 (27... c4 $11) 28. Re7 $36 {[%emt 0:00:42][%mdl 2048] Keeping Black busy.} Rc8 29. Ne2 Rg5 30. Nc3 Kf8 31. Re3 {[%emt 0:00:12] White is more active.} Re8 32. Nc2 Rge5 33. Kf2 h5 34. Rxe5 Rxe5 35. Ne3 Ne4+ (35... Re6 $16 {was necessary.} 36. Kf3 g6) 36. Nxe4 $18 Rxe4 {[%emt 0:00:04][%mdl 4096] Endgame KRN-KR} 37. Kf3 f5 (37... Re6 $16 38. a5 Rf6+ 39. Ke4 Ke8) 38. Nxf5 Rb4 39. Rd7 g5 40. Ng7 Rxb3+ {[%emt 0:00:37] [#]} (40... g4+ {is a better defense.} 41. hxg4 Rxb3+ 42. Kf4 Rb4+ 43. Ke5 Rxg4) 41. Ke4 $1 Rg3 42. Nxh5 (42. Rxc7 Rxg2 43. Nxh5 g4 44. hxg4 Rxg4+ 45. Nf4 Rg1 $18) 42... Rxg2 43. Nf6 {[%emt 0:00:00] White wants to mate with Kf5.} ({Don't take} 43. Rxc7 g4 44. h4 g3) 43... Rf2 44. Ke5 b5 $2 (44... Re2+ {might work better.} 45. Kf5 Re7 46. Rd8+ (46. Kxg5 Rxd7 47. Nxd7+ Ke7 $18) 46... Kg7) 45. axb5 axb5 46. Rxc7 {[%emt 0:00:00] Strongly threatening Ke6.} c4 (46... b4 $142 47. Ne4 Rf7 48. Rxc5 Rb7) 47. Nh7+ Ke8 48. Nxg5 Re2+ 49. Kf6 Rf2+ 50. Ke5 Re2+ 51. Kf6 Rf2+ $1 52. Kg6 {[%emt 0:00:00] Threatens to win with h4.} Rc2 $2 {[%emt 0:00:47] [#]} (52... Rf4 {is a better chance.}) 53. Rb7 $1 {[%emt 0:00:00] Hoping for h4.} b4 (53... c3 $18 54. Rxb5 Rf2) 54. Rxb4 {[%emt 0:00:00] White mates.} Kd7 55. h4 Kc6 56. h5 Kd5 57. Rb5+ Kd4 58. h6 Ra2 59. h7 Ra8 60. Nf3+ Ke3 {[%emt 0:00:13] [#]} 61. Rc5 $1 Kxf3 62. Rxc4 {[%emt 0:00:04] KR-KR} Ra6+ 63. Kg5 Ra5+ 64. Kh4 Ra8 65. Rg4 Rh8 66. Rg7 Kf4 67. Kh5 Kf5 68. Kh6 Ra8 69. Rg8 Ra6+ 70. Kh5 Ra2 71. Rf8+ {[%emt 0:00:07] Weighted Error Value: White=0.21 (precise) /Black=0.40} 1-0

[Event "German Masters 2022"]
[Site "Magdeburg"]
[Date "2022.08.18"]
[Round "3.5"]
[White "Braun, Arik"]
[Black "Huschenbeth, Niclas"]
[Result "1-0"]
[ECO "D04"]
[WhiteElo "2594"]
[BlackElo "2610"]
[Annotator "TA"]
[PlyCount "127"]
[EventDate "2022.08.16"]
[EventType "tourn"]
[EventCountry "GER"]
[SourceTitle "playchess.com"]
[Source "ChessBase"]
[SourceQuality "1"]
[TimeControl "40/5400+30:1800+30"]

1. d4 d5 2. Nf3 Nf6 3. e3 c5 4. Nbd2 cxd4 5. exd4 Qc7 {[%emt 0:00:19] [#]} 6. Ne5 $146 {[%emt 0:09:35] D04: Colle System.} ({Predecessor:} 6. Bd3 Nc6 7. c3 Bg4 8. Qa4 Bd7 9. Qc2 Rc8 10. a3 Bg4 11. Qa4 e6 12. Ne5 Bh5 13. Nf1 {0-1 (74) Naroditsky,D (2623)-Lenderman,A (2607) Saint Louis 2021}) 6... a6 ({Black should play} 6... Nc6 $11 7. Bb5 e6) 7. c3 $14 Nc6 8. Ndf3 {[%emt 0:00:34] White is slightly better.} Bf5 9. Bf4 Qb6 10. Qb3 Nd7 11. Nxd7 {[%emt 0:10:52] White is more active.} Qxb3 12. axb3 Bxd7 13. b4 Na7 {[%emt 0:07:16] Inhibits b5.} 14. Ra5 e6 15. Kd2 {[%emt 0:05:31][%cal Of1a6] Strongly threatening Bxa6!} Bb5 16. Bxb5+ Nxb5 17. Rha1 (17. Kc2 {is interesting.} Rc8 18. Kb3 Be7 19. h3) 17... Bd6 18. Rxb5 Bxf4+ 19. Kc2 Rb8 20. Rba5 Bc7 21. R5a4 Kd7 22. Ne1 f6 23. Nd3 e5 24. g3 Kc6 25. Kd2 g5 26. Rc1 e4 27. Nc5 Rbe8 (27... Bb6 $11) 28. c4 $1 dxc4 29. Rxc4 Kd5 ({Better is} 29... Bb6) 30. Rc2 Bb6 31. Nxb7 Bxd4 (31... Ra8 $16) 32. Ra5+ $18 ({Resist} 32. Rxa6 $6 Re7 33. Ra5+ Ke6 $16) 32... Ke6 33. Rxa6+ Kd5 34. Ra5+ Ke6 35. Rc6+ Ke7 36. Rc7+ Ke6 37. Ra6+ Ke5 38. Ra5+ Ke6 39. Rc6+ $2 (39. Nc5+ Kf5 40. Nd7+ Kg4 41. Rd5) 39... Ke7 $1 40. Nd6 {[%emt 0:00:37] Inhibits Rc8. Nf5+ is the strong threat.} Rd8 $2 (40... Kd7) 41. Nf5+ Kf7 42. Rc7+ Kg6 43. Rg7+ Kh5 {[%emt 0:00:02] [#]} 44. Ke2 $2 ({Worse is} 44. Nxd4 Rxd4+ 45. Kc2 (45. Kc3 Rd3+ 46. Kc4 Rf3 $11) 45... Rxb4 $11) (44. h3 $1 $18 {[%csl Gh3][%cal Rg3g4] is the precise move to win.} Bxf2+ 45. Kc2 Bxg3 46. Nxg3+ Kh4 47. Nxe4) 44... Bxf2 $2 (44... Kg4 $16 {is tougher.} 45. h4 h6) 45. Kxf2 {[%emt 0:03:42] Hoping for h3.} Rd2+ 46. Ke3 Rxh2 47. Re7 Kg4 48. Rxe4+ Kh3 49. Ra6 Rxb2 50. Rxf6 h5 51. Rg6 g4 52. Kf4 Rf2+ 53. Kg5 Rb8 54. Re5 Rf8 $2 (54... Rxb4 55. Kxh5 Rfb2) 55. b5 h4 56. Rh6 Rg8+ 57. Kf6 Rxf5+ 58. Kxf5 {[%emt 0:00:00] White mates.} Kxg3 59. Re3+ Kf2 60. Rb3 g3 61. Rxh4 g2 62. Rh2 Kg1 {[%emt 0:00:22] [#]} 63. Rxg2+ $3 Kxg2 (63... Rxg2 64. b6) 64. b6 {[%emt 0:00:00] Weighted Error Value: White=0.29 (precise) /Black=0.43} 1-0

[Event "German Masters 2022"]
[Site "Magdeburg"]
[Date "2022.08.19"]
[Round "4.1"]
[White "Keymer, Vincent"]
[Black "Huschenbeth, Niclas"]
[Result "1/2-1/2"]
[ECO "D32"]
[WhiteElo "2686"]
[BlackElo "2610"]
[Annotator "TA"]
[PlyCount "131"]
[EventDate "2022.08.16"]
[EventType "tourn"]
[EventCountry "GER"]
[SourceTitle "playchess.com"]
[Source "ChessBase"]
[SourceQuality "1"]
[TimeControl "40/5400+30:1800+30"]

1. c4 e6 2. Nc3 d5 3. d4 c5 4. cxd5 cxd4 5. Qxd4 Nc6 6. Qd1 exd5 7. Qxd5 {[%emt 0:00:04] D32: Tarrasch Defence: Sidelines and lines without g3.} Bd6 8. g3 Nf6 9. Qd1 {[%emt 0:15:24] White is slightly better.} O-O {[%emt 0:00:06][%cal Od8b6] [#]} 10. Bg2 $146 ({Predecessor:} 10. Nf3 Bb4 11. Qxd8 Rxd8 12. Bd2 Be6 13. Bg2 Rac8 14. O-O Ne5 15. Be3 Bxc3 16. bxc3 Nxf3+ 17. Bxf3 {½-½ (38) Schenning,A (2007)-Latal,F (2136) ICCF email 2017}) 10... Qe7 11. Nf3 Rd8 12. Qc2 Nb4 13. Qb1 Bc5 14. O-O h6 15. Bf4 g5 16. Bc1 (16. Be5 $2 Ng4 17. Qe4 f5 $19) 16... a5 17. a3 Nc6 18. h4 g4 19. Nd2 {[%emt 0:01:37] Hoping for Nb3.} Nd4 {[%emt 0:06:38] Inhibits Nb3.} 20. Nde4 Bf5 21. Bxh6 Nxe2+ 22. Nxe2 $16 Nxe4 23. Qe1 ({White should try} 23. Qc1 $16) 23... Rd3 $11 24. Be3 (24. Kh2 $11) 24... Bxe3 (24... Rxe3 $15 25. fxe3 Bxe3+ 26. Kh2 Bd2) 25. fxe3 Qe5 26. Nf4 Rd6 27. Rd1 Rxd1 28. Qxd1 Nxg3 29. Re1 Rc8 30. Qd4 Re8 31. Kf2 Ne4+ 32. Bxe4 Bxe4 33. Rc1 Bc6 (33... g3+ 34. Kxg3 Bc6 35. Kh2 $16) (33... Qe7 $5 34. Kg3 Bf5 $11) 34. Qxe5 Rxe5 {[%emt 0:00:01][%mdl 4096] Endgame KRB-KRN} 35. Rc3 Rb5 36. b3 Bf3 37. Nd3 Kg7 38. Kg3 Kf6 39. a4 Rd5 40. Nf2 Kf5 (40... Re5 $11) 41. Rc7 $16 b5 (41... Kg6 $142) 42. Rxf7+ Ke6 43. Rc7 (43. Ra7 $142) 43... Re5 44. Rc8 (44. Nxg4 Bxg4 45. Kxg4 Rxe3) 44... Kd7 {[%emt 0:04:07] Inhibits Re8.} 45. Rc3 b4 $2 (45... bxa4 $16 46. bxa4 Kd6) 46. Nxg4 $18 ({But not} 46. Rd3+ $6 Rd5) 46... Rf5 (46... Bxg4 $142 47. Rd3+ Ke6 48. Kxg4 Re4+ 49. Kg3 Re5) 47. Rd3+ (47. Rc4 $142 {aiming for e4.} Be2 48. Rc2) 47... Ke6 48. Nf2 {[%emt 0:01:42] Prevents Be4. e4 is the strong threat.} Be2 {[%emt 0:00:48] [#] White must now prevent ...Rf3+.} 49. Rd4 (49. Rd8 $1 $16) 49... Rf3+ $11 {[%emt 0:00:13] The position is equal.} 50. Kg2 Rxe3 51. Re4+ Rxe4 52. Nxe4 {[%emt 0:00:03] KB-KN} Kd5 53. Kf2 Bd1 54. Nd2 {[%emt 0:01:47] [#] And now Ke1 would win.} Kd4 55. Ke1 Bc2 56. h5 Kc3 57. Ke2 Bd3+ (57... Bxb3 58. Nxb3 Kxb3 59. h6 Ka3 60. h7 b3 61. h8=Q b2 62. Qb8) 58. Ke3 {[%emt 0:00:25] Strongly threatening Ne4+.} Bh7 59. Ke2 Bd3+ 60. Ke3 {[%emt 0:00:04] Threatens to win with Ne4+.} Bh7 61. h6 Bg6 62. Ke2 Bd3+ 63. Kd1 Kb2 64. Nc4+ Kxb3 65. Nxa5+ Kxa4 66. Kd2 {[%emt 0:00:07] Black defended with fortune.  Weighted Error Value: White=0.12 (very precise) /Black=0.14 (very precise)} 1/2-1/2

[Event "German Masters 2022"]
[Site "Magdeburg"]
[Date "2022.08.19"]
[Round "4.2"]
[White "Svane, Rasmus"]
[Black "Braun, Arik"]
[Result "0-1"]
[ECO "B42"]
[WhiteElo "2649"]
[BlackElo "2594"]
[Annotator "TA"]
[PlyCount "118"]
[EventDate "2022.08.16"]
[EventType "tourn"]
[EventCountry "GER"]
[SourceTitle "playchess.com"]
[Source "ChessBase"]
[SourceQuality "1"]
[TimeControl "40/5400+30:1800+30"]

1. e4 c5 2. Nf3 e6 3. d4 cxd4 4. Nxd4 a6 5. Bd3 Bc5 6. Nb3 Be7 7. Qg4 g6 8. O-O {[%emt 0:03:07] B42: Sicilian: Kan Variation: 5 Bd3.} d6 9. Qe2 Nd7 10. c4 {[%emt 0:00:55] White is slightly better.} Ne5 11. Nc3 Nf6 12. Be3 O-O {[%emt 0:01:58] [#]} 13. Rac1 $146 ({Predecessor:} 13. Rfd1 Qc7 14. Rac1 b6 15. Nd4 Bb7 16. f3 Nxd3 17. Qxd3 Nd7 18. b3 Rfc8 19. Qd2 {½-½ (43) Ahvenjarvi,J (2309)-Rodshtein,M (2653) Budva 2019}) 13... b6 (13... Nfg4 $11) 14. Bb1 $14 Bb7 15. f4 Ned7 16. f5 Ne5 17. fxe6 fxe6 18. Nd4 Qd7 (18... Nfg4 {is interesting.} 19. Nxe6 Rxf1+ 20. Rxf1 Qc8) 19. Nf3 (19. Bh6 $14) 19... Nxf3+ (19... Nfg4 $5 ) 20. Rxf3 Qc7 21. Bd4 Nd7 ({Don't do} 21... e5 22. Be3 $16) 22. Rxf8+ Bxf8 23. Rd1 Ne5 24. b3 Bc6 25. a4 Rb8 26. h3 Be8 27. Be3 Bg7 28. Qd2 Nc6 29. Ne2 Be5 30. Nf4 (30. Ba2 $5 ) 30... Bf7 31. Bd3 (31. b4 $14) 31... Bd4 $11 32. Be2 e5 {[%emt 0:03:00] [#] Threatens to win with ...Bxe3+.} 33. Nd5 Qd8 34. Kh2 {[%emt 0:01:41] Strongly threatening Bg5.} Bxe3 35. Qxe3 Nd4 36. Rf1 Bxd5 37. cxd5 a5 38. Bg4 Kg7 39. Rc1 ({Of course not} 39. Qf2 Nxb3 40. Bd1 Nc5 $17) 39... Qe7 40. Rc3 Rb7 41. Rc6 Qf6 (41... h5 $5 42. Be6 Nxc6 43. dxc6 Rb8 $15) 42. Be6 $2 {[%emt 0:05:11][%mdl 8192] Loses the game.} Nxc6 $19 (42... Nxe6 43. dxe6 Qxe6 44. Qd2 $11) 43. dxc6 {[%emt 0:00:06][%mdl 4096] Endgame [#] KQR-KQB} Rc7 ({Stronger than} 43... Re7 44. Bd7 Rxd7 45. cxd7 $11) 44. Bd5 (44. Qxb6 Qf4+ 45. Kh1 Qc1+ 46. Qg1 Qxg1+ 47. Kxg1) 44... Qf4+ {[%emt 0:00:52] Black is clearly winning.} 45. Qxf4 exf4 {[%emt 0:00:03] KR-KB} 46. Kg1 Kf6 47. Kf2 g5 48. Kf3 h5 49. h4 gxh4 50. Kxf4 Rg7 51. Ke3 Ke7 52. Kf2 Kd8 53. Kf3 Kc7 54. Kf2 Rg3 55. Kf1 h3 56. gxh3 Rxh3 57. Kg2 Rc3 58. Kh2 Rxc6 59. Kg3 Rc1 {[%emt 0:00:34] Weighted Error Value: White=0.78/Black=0.08 (flawless)} (59... b5 $142 60. Kh4 bxa4 61. bxa4 Rb6 62. Kxh5 Rb4) 0-1